AoeStats
← kovbalu | 144Hz peek. |

Arabia

505633680Analyzed
2v2 RM · 22d ago on Sep 10, 2026· 37m 3s· 4 players
Game mode
Random Map
Map size
Medium (4 player)
Population
200
Speed
Normal
Resources
Standard
Victory
Conquest
Starting age
Dark Age
Ending age
Imperial Age
RankedLock teamsTeams togetherTeam positionsShared explorationLock speedFull tech treeHidden civsTurbo modeCheats
Victory
Defeat
🇭🇺 Khitans · Hungary
1295
+12
🇦🇹 Britons · Austria
1094
+22
🇦🇺 Saracens · Australia
1209
-17
🇦🇺 Shu · Australia
1205
-17
FinalFantasy
5:52 Loom
5:57 Loom
8:55 Feudal Age
9:47 Double-Bit Axe
10:12 Domestication
16:19 Forging
17:12 Scale Barding Armor
24:26 Castle Age
25:32 Husbandry
24:53 Light Cavalry
26:09 Iron Casting
26:03 Bow Saw
27:11 Chain Barding Armor
30:46 Wheelbarrow
32:28 Pastoralism
35:27 Fletching
kovbalu | 144Hz peek. |
10:51 Feudal Age
10:39 Loom
12:53 Double-Bit Axe
15:07 Horse Collar
17:53 Fletching
23:43 Castle Age
23:49 Crossbowman
24:27 Bodkin Arrow
26:52 Forging
27:29 Bow Saw
29:21 Ballistics
30:48 Gold Mining
32:36 Padded Archer Armor
36:58 Yeomen
Stevo360
6:34 Loom
10:05 Feudal Age
10:32 Double-Bit Axe
11:44 Horse Collar
15:59 Fletching
16:12 Padded Archer Armor
19:01 Wheelbarrow
20:39 Castle Age
19:27 Gold Mining
20:38 Wheelbarrow
20:43 Crossbowman
21:29 Thumb Ring
21:23 Bodkin Arrow
22:01 Leather Archer Armor
23:58 Hand Cart
24:27 Bow Saw
26:08 Ballistics
28:46 Husbandry
_DoM
9:11 Loom
10:57 Feudal Age
16:37 Castle Age
17:27 Bloodlines
20:23 Husbandry
25:33 Scale Barding Armor
29:18 Forging
Connection lost

Rejoining the realm…

Still unreachable

The connection could not be restored.

Session expired

The server has moved on; the page needs a fresh start.